 Dungeon Sprint DCSS version 0.19.5 (webtiles) character file.

128 Snowbourne the Covert (level 4, -10/31 HPs)
             Began as a Spriggan Enchanter on May 12, 2017.
             Mangled by a neqoxec (13 damage)
             ... in the Dungeon (Sprint II: "The Violet Keep of Menkaure").
             The game lasted 00:00:25 (21 turns).

Snowbourne the Covert (Spriggan Enchanter)            Turns: 21, Time: 00:00:26

Health: -10/31     AC:  3    Str:  9      XL:     4   Next: 86%
Magic:  9/9        EV: 18    Int: 14 (16) God:
Gold:   0          SH:  0    Dex: 17      Spells: 1 memorised, 7 levels left

rFire  . . .     SeeInvis +     a - +1 dagger
rCold  . . .     Gourm    .     b - +1 robe
rNeg   . . .     Faith    .     (shield restricted)
rPois  .         Spirit   .     (helmet restricted)
rElec  .         Reflect  .     (no cloak)
rCorr  .         Harm     .     (gloves unavailable)
MR     .....     Rnd*Rage +     (boots unavailable)
Stlth  .......... NoTele   +    (no amulet)
                                (no ring)
                                (no ring)

@: berserking (expiring), very quick
A: unfitting armour, see invisible, berserk 1, herbivore 3, speed 3, slow
metabolism 2
a: no special abilities


You were in the Dungeon.
You were not hungry.

You visited 1 branch

Inventory:

Hand Weapons
 a - a +1 dagger (weapon)
Armour
 b - a +1 robe (worn)
Scrolls
 j - a scroll of blinking
Potions
 e - a potion of curing
 f - a potion of heal wounds
 g - a potion of haste
 h - 2 potions of magic
Books
 c - a book of Maledictions

   Spells                             Type                      Level
   a - Corona                         Hexes                        1
   b - Ensorcelled Hibernation        Hexes/Ice                    2
   c - Confuse                        Hexes                        3
   d - Tukima's Dance                 Hexes                        3
   e - Dazzling Spray                 Conjuration/Hexes            3
Comestibles
 d - a bread ration


   Skills:
 - Level 1.1 Short Blades
 - Level 3.0 Dodging
 + Level 14.7 Stealth
 - Level 2.6 Spellcasting
 - Level 3.6 Hexes


You had 7 spell levels left.
You knew the following spells:

 Your Spells              Type           Power        Failure   Level  Hunger
a - Corona                Hex            ##.....      6%          1    #......


Dungeon Overview and Level Annotations

Branches:
Dungeon (1/1)

Altars:


Innate Abilities, Weirdness & Mutations

You are very small and have problems with some larger weapons.
You are too small for most types of armour.
You have supernaturally acute eyesight. (SInv)
You are a herbivore.
You cover ground extremely quickly.
You need consume almost no food.
You tend to lose your temper in combat.


Message History

Your experience leads to an increase in your attributes!
Your base attributes are Str 4, Int 16, Dex 16.
Increase (S)trength, (I)ntelligence, or (D)exterity?
You feel agile.
You have reached level 4!
You closely miss the neqoxec. The neqoxec misses you.
You closely miss the neqoxec. You barely miss the neqoxec.
The neqoxec hits you but does no damage.
You puncture the neqoxec!
The neqoxec is moderately wounded.
You barely miss the neqoxec.
The neqoxec is moderately wounded.
The neqoxec gestures at you.
You feel dopey. Something feeds on your intellect!
You hit the neqoxec.
The neqoxec is heavily wounded.
The neqoxec hits you!
You die... ### ## 55##. 335

#3#
##@##
+.<.+
##.##
#+#


You could see 3 neqoxecs, an iron imp, a quasit and a shadow imp.

Vanquished Creatures
  A neqoxec (D)
1 creature vanquished.

Vanquished Creatures (others)
  A crocodile (D)
1 creature vanquished.

Grand Total: 2 creatures vanquished

Notes
Turn   | Place    | Note
-------+----------+-------------------------------------------
     0 | D        | Snowbourne the Spriggan Enchanter began the quest for the Orb.
     0 | D        | Reached XP level 1. HP: 9/9 MP: 5/5
     1 | D        | Noticed a neqoxec
     1 | D        | Noticed a neqoxec
     1 | D        | Noticed a neqoxec
     1 | D        | Noticed a neqoxec
     4 | D        | Noticed an iron imp
     6 | D        | Noticed a quasit
    10 | D        | Gained mutation: You tend to lose your temper in combat. [a neqoxec]
    13 | D        | Killed a crocodile
    15 | D        | Killed a neqoxec
    15 | D        | Reached skill level 14 in Stealth
    15 | D        | Reached XP level 2. HP: 2/13 MP: 6/6
    15 | D        | Reached XP level 3. HP: 2/16 MP: 8/8
    15 | D        | Reached XP level 4. HP: 3/21 MP: 9/9
    21 | D        | Mangled by a neqoxec

Skill      XL: |  1 |
---------------+----+-----
Stealth        | 14 | 14.7
Short Blades   | |  1.1
Dodging        | |  3.0
Spellcasting   | |  2.6
Hexes          | |  3.6

Action                   |  1- 3 |  4- 6 || total
-------------------------+-------+-------++-------
Melee: Dagger            |    13 |     6 ||    19
  Use: Potion            |     1 |       ||     1
Armor: Robe              |       |     1 ||     1
Dodge: Dodged            |     3 |     1 ||     4
